 Dungeon Crawl Stone Soup version 0.31.0-11-ge490571c62 (webtiles) character file.

Game seed: 511115154056013703

13262 Esekla the Thaumaturge (level 12, -9/63 HPs)
             Began as a Vine Stalker Warper on Jan 31, 2024.
             Was an Elder of Vehumet.
             Mangled by a cane toad (17 damage)
             ... on level 1 of the Lair of Beasts.
             The game lasted 01:32:25 (12762 turns).

Esekla the Thaumaturge (Vine Stalker Warper)       Turns: 12762, Time: 01:32:25

Health: -9/63      AC: 13    Str: 14    XL:     12   Next: 4%
Magic:  0/25       EV: 13    Int: 26    God:    Vehumet [****..]
Gold:   40         SH:  0    Dex: 15    Spells: 8/27 levels left

rFire   . . .        f - +3 scimitar (flame)
rCold   . . .        (no shield)
rNeg    . . .        R - +0 troll leather armour
rPois   .            u - +0 helmet {Int+3}
rElec   .            C - +0 cloak
rCorr   .            (no gloves)
SInv    .            y - +2 pair of boots
Will    +....        (no amulet)
Stlth   +++          h - +4 ring of protection
HPRegen 1.90/turn    v - +6 ring of intelligence
MPRegen 0.19/turn

%: guardian spirit
@: lethally poisoned (-9 -> -9), about to teleport, marked, fugue, on blink
cooldown
A: fangs 3, regeneration 1, magic shield, antimagic bite, no potion heal 2
a: Renounce Religion


You were on level 1 of the Lair of Beasts.
You worshipped Vehumet.
Vehumet was greatly pleased with you.
You visited 4 branches of the dungeon, and saw 13 of its levels.

You collected 836 gold pieces.
You spent 796 gold pieces at shops.

Inventory:

Hand Weapons
 a - the +0 long sword of Green Watchfulness {pain, SInv}
   (You bought it in a shop on level 9 of the Dungeon)

   SInv:      It lets you see invisible.
 f - a +3 scimitar of flaming (weapon)
 r - a +1 spear of freezing
 s - a +1 dagger of venom
Missiles
 d - 9 darts of dispersal
 l - a curare-tipped dart
 z - 10 boomerangs
 E - 20 poisoned darts (quivered)
Armour
 o - a +3 leather armour
 u - a +0 helmet of intelligence (worn)
 y - a +2 pair of boots (worn)
 C - a +0 cloak (worn)
 R - a +0 troll leather armour (worn)
Jewellery
 h - a +4 ring of protection (left hand)
 p - a ring of fire
 v - a +6 ring of intelligence (right hand)
 B - a ring of positive energy
 K - the ring of Fetuyro {rF+ rC+ rN+ Will+}
   (You bought it in a shop on level 9 of the Dungeon)

   [ring of willpower]

   rF+:       It protects you from fire.
   rC+:       It protects you from cold.
   rN+:       It protects you from negative energy.
   Will+:     It increases your willpower.
 P - a ring of poison resistance
Wands
 i - a wand of flame (14)
 M - a wand of light (2)
 O - a wand of digging (7)
Scrolls
 b - 4 scrolls of immolation {unknown}
 g - a scroll of revelation {unknown}
 j - 3 scrolls of teleportation
 k - a scroll of summoning {unknown}
 n - 2 scrolls of enchant weapon {unknown}
 q - 2 scrolls of fear {unknown}
 t - 2 scrolls of poison {unknown}
 x - a scroll of vulnerability {unknown}
 H - a scroll of acquirement {unknown}
 I - a scroll of silence {unknown}
 J - 2 scrolls of brand weapon {unknown}
 L - a scroll of amnesia {unknown}
 Q - 4 scrolls of noise {unknown}
 S - a scroll of enchant armour {unknown}
Potions
 c - a potion of ambrosia {unknown}
 e - 4 potions of curing
 m - 2 potions of might
 w - a potion of enlightenment
 A - 4 potions of attraction {unknown}
 D - 2 potions of magic
 F - 4 potions of brilliance {unknown}
 G - a potion of mutation {unknown}
 N - a potion of invisibility {unknown}


   Skills:
 * Level 7.6 Fighting
 + Level 0.6(3.9) Short Blades
 + Level 6.2 Long Blades
 + Level 1.9 Throwing
 - Level 4.0 Armour
 + Level 5.0 Dodging
 + Level 4.6 Stealth
 * Level 8.1 Spellcasting
 + Level 5.6 Conjurations
 * Level 4.1 Necromancy
 + Level 3.7 Translocations
 * Level 0.7 Fire Magic
 * Level 6.1 Air Magic
 + Level 4.5 Alchemy


You had 8 spell levels left.
You knew the following spells:

 Your Spells              Type           Power      Damage    Failure   Level
a - Sting                 Conj/Alch      100%       1d9       1%          1
b - Blink                 Tloc           60%        N/A       2%          2
c - Mephitic Cloud        Conj/Alch/Air  38%        N/A       1%          3
e - Searing Ray           Conj           78%        2d7       1%          2
o - Scorch                Fire           28%        2d6       2%          2
v - Mercury Vapours       Alch/Air       76%        N/A       1%          2
w - Fugue of the Fallen   Necr           32%        N/A       3%          3
x - Olgreb's Toxic Radia  Alch           34%        N/A       3%          4

Your spell library contained the following spells:

 Spells                   Type           Power      Damage    Failure   Level
 Magic Dart               Conj           100%       1d8       1%          1
 Lesser Beckoning         Tloc           60%        N/A       2%          2
 Fulminant Prism          Conj/Alch      18%        3d10      2%          4
 Gell's Gravitas          Tloc           30%        N/A       4%          3
 Teleport Other           Tloc           30%        N/A       4%          3
 Flame Wave               Conj/Fire      26%        2d8       5%          4
 Vhi's Electric Charge    Tloc/Air       72%        N/A       9%          4
 Ensorcelled Hibernation  Hex/Ice        20%        N/A       11%         2
 Manifold Assault         Tloc           30%        N/A       14%         4
 Passage of Golubria      Tloc           30%        N/A       14%         4
 Yara's Violent Unravell  Hex/Alch       11%        3d6       19%         5
 Call Canine Familiar     Summ           10%        N/A       21%         3
 Sigil of Binding         Hex            10%        N/A       21%         3
 Tukima's Dance           Hex            10%        N/A       21%         3
 Anguish                  Hex/Necr       10%        N/A       28%         4
 Dimensional Bullseye     Hex/Tloc       10%        N/A       32%         4
 Dispersal                Tloc           15%        N/A       92%         6
 Summon Cactus Giant      Summ           5%         N/A       100%        6


Dungeon Overview and Level Annotations

Branches:
Dungeon (10/15)            Temple (1/1) D:6            Lair (1/5) D:10
    Orc (1/2) D:9

Altars:
Ashenzari
Cheibriados
Dithmenos
Elyvilon
Fedhas
Gozag
Hepliaklqana
Kikubaaqudgha
Makhleb
Nemelex Xobeh
Okawaru
Qazlal
Ru
Sif Muna
Trog
Uskayaw
Vehumet
Wu Jian
Xom
Yredelemnul
Zin
The Shining One

Shops:
D:9 *(:(=

Annotations:
D:2 1 runed translucent door, Crazy Yiuf
D:5 3 runed translucent doors, orc warrior, michknight7's ghost, novice SpBr
D:9 1 runed translucent door
Lair:1 Prince Ribbit
Orc:1 1 runed translucent door, Rygut's ghost, journeyman DrFi


Innate Abilities, Weirdness & Mutations

You have razor-sharp teeth.
Your natural rate of healing is unusually fast.
When hurt, damage is shared between your health and your magic reserves.
Your bite disrupts and absorbs the magic of your enemies.
Potions cannot restore your health.


Message History

Vehumet accepts your kill.
You feel your power returning.
The searing ray misses Prince Ribbit.
The searing ray hits the komodo dragon.
The komodo dragon is moderately wounded.
You feel very sick.
Prince Ribbit blinks!
The cane toad stings you.
You have reached level 12!
You feel agile.
The searing ray hits the komodo dragon.
The komodo dragon is heavily wounded.
You feel very sick.
The cane toad stings you but does no damage.
The cane toad stings you!
The searing ray hits the komodo dragon.
The komodo dragon is heavily wounded.
You finish channelling your searing ray.
You feel sick. The cane toad stings you! The cane toad closely misses you.
The komodo dragon bites you.
* * * LOW HITPOINT WARNING * * *
A cane toad comes into view.
The cane toad stings you.
* * * LOW HITPOINT WARNING * * *
Casting: Searing Ray (safe; 1% risk of failure)
Confirm with . or Enter, or press ? or * to list all spells.
You blink.
You feel sick. Vehumet accepts your kill.
You feel your power returning.
You feel a bit more experienced. The cane toad barely misses you.
Prince Ribbit hits you!
* * * LOW HITPOINT WARNING * * *
Your Dodging skill increases to level 5!
Okay, then.
Okay, then.
Okay, then.
As you read the scroll of teleportation, it crumbles to dust.
You feel strangely unstable.
You feel sick.
The cane toad stings you but does no damage.
You feel sick.
Prince Ribbit blinks!
The cane toad attacks as it pursues you!
The cane toad stings you!!
You die...

#.######.##.P# #..#
###..## #.## # #..#
#..# ##.##.####.##
##.## #............
#..# #.###.####..#
##.#####.###†#
##.##.#..#P#.#
########..FF@.......#
F..†.††Fl§.F###.#.###
.##.#######†# #..##
#.# #.## ##.# #.#
#..###.# ###
#.....##### #P##
#.........###..#
#.#####.....#.##


You could see a komodo dragon, Prince Ribbit and 3 cane toads.

Vanquished Creatures
  Erolcha (D:9)
  Erica (D:10)
  Pikel (D:6)
  Maurice (D:7)
  A black mamba (Lair:1)
  3 kobold demonologists (D:10)
  A rime drake (D:10)
  Maggie (D:7)
  A komodo dragon (Lair:1)
  A troll (D:9)
  A hornet (D:9)
  4 blink frogs (Lair:1)
  A slime creature (D:9)
  2 shadows (D:10)
  Sigmund (D:6)
  A basilisk (Lair:1)
  A wyvern (D:7)
  A wraith (D:9)
  12 yaks (D:9)
  A steam dragon (D:8)
  4 vampire mosquitoes (D:8)
  4 water moccasins
  An acid dragon (D:10)
  A sky beast (D:6)
  4 orc warriors
  5 ice beasts
  2 ogres
  6 wolves
  A lemure (D:6)
  A phantom (D:6)
  2 centaurs
  A kobold brigand (D:8)
  2 gnoll sergeants
  6 bullfrogs
  3 wights (D:6)
  8 killer bees (D:9)
  3 hounds
  2 bombardier beetles
  10 orc priests
  4 jellies
  A gnoll bouda (D:5)
  3 sleepcaps
  6 iguanas
  6 orc wizards
  16 gnolls
  8 adders
  A shadow imp (D:7)
  2 ufetubi (D:5)
  2 dart slugs
  A ribbon worm (D:2)
  34 orcs
  3 endoplasms
  6 giant cockroaches
  7 goblins
  8 hobgoblins
  7 jackals (D:1)
  2 quokkas
  8 ball pythons
  2 bats (D:1)
  4 frilled lizards
  14 kobolds
  6 rats
254 creatures vanquished.

Notes
Turn   | Place    | Note
-------+----------+-------------------------------------------
     0 | D:1      | Esekla the Vine Stalker Warper began the quest for the Orb.
     0 | D:1      | Reached XP level 1. HP: 11/11 MP: 4/4
   157 | D:1      | Reached XP level 2. HP: 15/15 MP: 6/6
   161 | D:1      | Learned a level 2 spell: Blink
   350 | D:2      | Found a runed translucent door.
   351 | D:2      | Noticed Crazy Yiuf
   632 | D:2      | Reached XP level 3. HP: 18/18 MP: 7/7
  1162 | D:3      | Found a snail-covered altar of Cheibriados.
  1163 | D:3      | Found a radiant altar of Vehumet.
  1168 | D:3      | Became a worshipper of Vehumet
  1316 | D:1      | Reached skill level 1 in Armour
  1419 | D:1      | Reached XP level 4. HP: 23/23 MP: 8/8
  1901 | D:2      | Reached XP level 5. HP: 19/27 MP: 2/10
  1966 | D:2      | Reached * piety under Vehumet
  1966 | D:2      | Offered knowledge of Sting by Vehumet.
  1972 | D:2      | Learned a level 1 spell: Sting
  2250 | D:3      | Reached skill level 1 in Alchemy
  2383 | D:3      | Found an ornate altar of the Wu Jian Council.
  2481 | D:3      | Found an iron altar of Okawaru.
  2926 | D:3      | Reached skill level 1 in Conjurations
  2997 | D:4      | Reached XP level 6. HP: 30/32 MP: 8/11
  3004 | D:4      | Found a sparkling altar of Nemelex Xobeh.
  3109 | D:4      | Found a burning altar of Makhleb.
  3191 | D:5      | Entered Level 5 of the Dungeon
  3423 | D:5      | Found a shadowy altar of Dithmenos.
  3459 | D:5      | Reached skill level 3 in Spellcasting
  3479 | D:5      | Found a runed translucent gate.
  3479 | D:5      | Noticed michknight7's ghost (novice SpBr)
  3482 | D:5      | Found a runed translucent gate.
  3483 | D:5      | Found a runed translucent gate.
  3499 | D:5      | Identified the +6 dagger of Esiesuh {heavy, Str+3}
  3597 | D:5      | Learned a level 2 spell: Searing Ray
  3924 | D:5      | Noticed an orc warrior
  4134 | D:4      | Reached XP level 7. HP: 32/36 MP: 12/12
  4409 | D:5      | Found a shimmering blue altar of Sif Muna.
  4432 | D:5      | Identified the +4 hand axe of Niyhiol {drain, rCorr SInv}
  4795 | D:6      | Reached skill level 1 in Throwing
  5070 | D:4      | Reached ** piety under Vehumet
  5070 | D:4      | Offered knowledge of Mercury Vapours by Vehumet.
  5079 | D:4      | Learned a level 2 spell: Mercury Vapours
  5112 | D:5      | Gained mutation: You have razor-sharp teeth. [Vine Stalker
                  | growth]
  5112 | D:5      | Reached XP level 8. HP: 42/42 MP: 9/14
  5658 | D:5      | Reached skill level 1 in Air Magic
  5874 | D:5      | Reached skill level 1 in Stealth
  5934 | D:6      | Noticed Sigmund
  5948 | D:6      | Killed Sigmund
  6301 | D:6      | Found a staircase to the Ecumenical Temple.
  6326 | Temple   | Entered the Ecumenical Temple
  6703 | D:7      | Reached XP level 9. HP: 31/46 MP: 13/15
  6888 | D:7      | Noticed Maurice
  6897 | D:7      | Something stole 9 darts of dispersal
  6901 | D:7      | Something stole a ring of positive energy
  7023 | D:7      | Killed Maurice
  7024 | D:7      | Reached skill level 5 in Fighting
  7024 | D:7      | Reached skill level 4 in Spellcasting
  7060 | D:7      | Noticed Maggie
  7324 | D:7      | Offered knowledge of Mephitic Cloud by Vehumet.
  7334 | D:7      | Learned a level 3 spell: Mephitic Cloud
  7418 | D:7      | Found a glowing golden altar of the Shining One.
  7613 | D:7      | Noticed Pikel
  7763 | D:6      | Killed Pikel
  7901 | D:7      | Killed Maggie
  7902 | D:7      | Reached skill level 5 in Spellcasting
  8014 | D:8      | Reached XP level 10. HP: 51/51 MP: 18/18
  8497 | D:8      | Found a white marble altar of Elyvilon.
  8890 | D:8      | Reached *** piety under Vehumet
  8949 | D:8      | Reached skill level 5 in Long Blades
  9311 | D:8      | Learned a level 3 spell: Fugue of the Fallen
  9700 | D:9      | Reached skill level 5 in Conjurations
  9793 | D:9      | Found Hiastromm's Antique Weapon Boutique.
  9794 | D:9      | Found Esuujopt's Jewellery Emporium.
  9877 | D:9      | Bought a dazzling long sword for 204 gold pieces
  9877 | D:9      | Identified the +0 long sword of Green Watchfulness {pain,
                  | SInv} (You bought it in a shop on level 9 of the Dungeon)
  9929 | D:9      | Found a staircase to the Orcish Mines.
  9947 | D:9      | Offered knowledge of Stone Arrow by Vehumet.
 10061 | D:9      | Found Ysaibbaph's Assorted Antiques.
 10063 | D:9      | Noticed Erolcha
 10080 | D:9      | Killed Erolcha
 10081 | D:9      | Reached skill level 6 in Spellcasting
 10081 | D:9      | Reached skill level 1 in Necromancy
 10104 | D:9      | Bought a fuming coppery potion for 16 gold pieces
 10104 | D:9      | Bought a scroll labelled SEAMIY KIORR for 18 gold pieces
 10104 | D:9      | Bought a scroll labelled ILEGROMP ZUEGI for 18 gold pieces
 10104 | D:9      | Bought a shimmering lead ring for 90 gold pieces
 10104 | D:9      | Identified the ring of Fetuyro {rF+ rC+ rN+ Will+} (You
                  | bought it in a shop on level 9 of the Dungeon)
 10147 | D:9      | Reached XP level 11. HP: 58/58 MP: 18/21
 10262 | D:9      | Reached skill level 5 in Air Magic
 10503 | D:9      | Found Goumoqoc's Antique Weapon Shop.
 10538 | D:9      | Found Archel's Book Boutique.
 10686 | D:9      | Found a runed translucent door.
 10798 | D:9      | Found a bloodstained altar of Trog.
 10879 | D:10     | Entered Level 10 of the Dungeon
 10881 | D:10     | Noticed Erica
 10915 | D:10     | Reached **** piety under Vehumet
 11004 | D:10     | Offered knowledge of Olgreb's Toxic Radiance by Vehumet.
 11036 | D:10     | Learned a level 4 spell: Olgreb's Toxic Radiance
 11259 | D:10     | Reached skill level 7 in Spellcasting
 11393 | D:10     | Found a staircase to the Lair.
 11974 | D:10     | Killed Erica
 12031 | D:10     | Found a glowing silver altar of Zin.
 12139 | Orc:1    | Entered Level 1 of the Orcish Mines
 12282 | Orc:1    | Found a runed translucent door.
 12283 | Orc:1    | Noticed Rygut's ghost (journeyman DrFi)
 12458 | D:9      | Bought a book of Scorching for 450 gold pieces
 12461 | D:9      | Learned a level 2 spell: Scorch
 12534 | Lair:1   | Entered Level 1 of the Lair of Beasts
 12713 | Lair:1   | Reached skill level 8 in Spellcasting
 12741 | Lair:1   | Noticed Prince Ribbit
 12758 | Lair:1   | Reached XP level 12. HP: 45/63 MP: 12/25
 12761 | Lair:1   | Reached skill level 5 in Dodging
 12762 | Lair:1   | Mangled by a cane toad

Illustrated notes

Levels and vault maps discovered:
D:1:      lemuel_arrival_behind_the_door_small, layout_rooms,
          hangedman_feature_mirror, hex_tiny
D:2:      layout_loops_ring, minmay_pentomino_s2, uniq_crazy_yiuf_cottage
D:3:      layout_loops_corners, kennysheep_okawaru_gauntlet,
          nzn_wu_jian_council_hall, gammafunk_temple_overflow_statue,
          grunt_ministairs_7
D:4:      layout_loops_cross, nemelex_diamond_rough_becter, lemuel_crystal_altar
D:5:      layout_layer_cave, general_overflow_altar,
          mainiacjoe_overflow_six_doors_small, biasface_ghost_orc_armoury
D:6:      layout_basic, minmay_temple_entry_large_hall, uniq_sigmund
D:7:      layout_rooms, nicolae_tso_carved_into_rock, serial_aquarium,
          aquarium_bridge_island_large [aquarium_subvault_large_open,
          aquarium_subvault_balcony, aquarium_subvault_balcony,
          aquarium_subvault_bridge, aquarium_subvault_window],
          aquarium_window_corner, aquarium_window_2, aquarium_window_corner,
          aquarium_window_corner, aquarium_view_2e, aquarium_pool_1,
          minmay_misc_feat_four_crosses, uniq_maggie, uniq_maurice, uniq_pikel
D:8:      layout_basic, mainiacjoe_overflow_alcove_4, serial_curves,
          eino_curves_04, eino_curves_03
D:9:      layout_roguey, kennysheep_little_box, david_orc_2, serial_shops,
          nicolae_shop_window_shopping, shop, nicolae_shop_tiny_statue_garden,
          nicolae_shop_advertising_works [nicolae_subvault_shop_adworks],
          nicolae_shop_temple_entry_statues_fountains, minivault_13,
          uniq_erolcha
D:10:     layout_rooms, zin_academy, hellmonk_lair_entry_icy, uniq_erica
Temple:   hellmonk_temple_rainy
Lair:1:   layout_loops_ring, serial_forest, infiniplex_forest_clump_tiny,
          infiniplex_forest_straight_5, infiniplex_forest_clump_large,
          infiniplex_forest_clump_C, infiniplex_forest_clump_small,
          nzn_random_ring, uniq_prince_ribbit2
Orc:1:    layout_diamond_mine, gammafunk_ghost_grave

Skill      XL: |  1  2  3  4  5  6  7  8  9 10 11 12 |
---------------+-------------------------------------+-----
Fighting       | 2 3 4 5 6 7 |  7.6
Long Blades    | 2 3 4 5 6 |  6.2
Armour         | 1 2 3 4 |  4.0
Dodging        | 2 3 4 5 |  5.0
Alchemy        | 1 3 4 |  4.5
Conjurations   | 2 3 4 5 |  5.6
Spellcasting   | 3 5 6 8 |  8.1
Throwing       | 1 |  1.9
Air Magic      | 2 3 4 6 |  6.1
Stealth        | 1 3 4 |  4.6
Necromancy     | 1 4 |  4.1
Short Blades   | |  0.6
Translocations | |  3.7
Fire Magic     | |  0.7

Action                     |  1- 3 |  4- 6 |  7- 9 | 10-12 || total
---------------------------+-------+-------+-------+-------++-------
  Melee: Falchion          |    91 |   207 |   172 |    65 ||   535
         Bite              |    19 |    58 |    55 |    70 ||   202
         Punch             |       |     1 |     3 |     7 ||    11
         Dagger            |       |       |     9 |    55 ||    64
         Long sword        |       |       |       |   102 ||   102
         Scimitar          |       |       |       |     3 ||     3
  Throw: Boomerang         |       |     6 |     7 |       ||    13
         Dart              |       |       |     6 |    11 ||    17
   Cast: Sting             |       |     6 |       |       ||     6
         Searing Ray       |       |     2 |    38 |    64 ||   104
         Blink             |       |     1 |     3 |     7 ||    11
         Mercury Vapours   |       |       |     3 |       ||     3
         Mephitic Cloud    |       |       |     1 |    13 ||    14
         Fugue of the Fall |       |       |       |     3 ||     3
         Olgreb's Toxic Ra |       |       |       |     2 ||     2
  Evoke: Wand              |       |       |       |     1 ||     1
    Use: Scroll            |       |     1 |     6 |     1 ||     8
         Potion            |       |       |     1 |       ||     1
   Stab: Sleeping          |     1 |       |     2 |     1 ||     4
         Confused          |       |       |     2 |    10 ||    12
 Armour: Leather armour    |    25 |   130 |   204 |   268 ||   627
         Robe              |    17 |       |       |       ||    17
         Troll leather arm |       |       |       |    36 ||    36
  Dodge: Dodged            |    62 |   162 |   159 |   253 ||   636
